 Dungeon Crawl Stone Soup version 0.22-a0-553-g9358b0b (webtiles) character file.

25 Amnesiac the Cutter (level 3, -1/19 HPs)
             Began as a Vine Stalker Fighter on June 25, 2018.
             Slain by a kobold
             ... wielding a +0 dagger
              (4 damage)
             ... on level 2 of the Dungeon.
             The game lasted 00:00:41 (986 turns).

Amnesiac the Cutter (Vine Stalker Fighter)           Turns: 986, Time: 00:00:42

Health: -1/19      AC:  7    Str: 19    XL:     3   Next: 6%
Magic:  0/4        EV:  4    Int:  8    God:
Gold:   23         SH:  9    Dex: 13    Spells: 2/2 levels left

rFire    . . .     SeeInvis .   a - +0 rapier
rCold    . . .     Gourm    .   c - +0 shield
rNeg     . . .     Faith    .   b - +0 scale mail
rPois    .         Spirit   +   h - +0 helmet
rElec    .         Reflect  .   (no cloak)
rCorr    .         Harm     .   (no gloves)
MR       .....                  (no boots)
Stlth    ..........             (no amulet)
HPRegen  0.06/turn              (no ring)
MPRegen  0.09/turn              (no ring)

@: constricted
A: fangs 2, magic shield, antimagic bite, no potion heal 3, rot immunity
a: no special abilities


You were on level 2 of the Dungeon.
You were not hungry.

You visited 1 branch of the dungeon, and saw 2 of its levels.

You collected 23 gold pieces.

Inventory:

Hand Weapons
 a - a +0 rapier (weapon)
Armour
 b - a +0 scale mail (worn)
 c - a +0 shield (worn)
 h - a +0 helmet (worn)
Scrolls
 e - a scroll of remove curse {!r, unknown}
Potions
 d - a potion of might {!q}
Comestibles
 f - 2 rations


   Skills:
 - Level 2.6 Fighting
 * Level 2.7 Short Blades
 - Level 2.4 Armour
 + Level 1.0 Dodging
 - Level 2.6 Shields


You had 2 spell levels left.
You didn't know any spells.
Your spell library was empty.

Dungeon Overview and Level Annotations

Branches:
Dungeon (2/15)

Altars:
Okawaru
Sif Muna
Xom


Innate Abilities, Weirdness & Mutations

You have extremely sharp teeth.
When hurt, damage is shared between your health and your magic reserves.
Your bite disrupts and absorbs the magic of your enemies.
Potions cannot restore your health.
You are immune to rotting.


Message History

You block the jackal's attack. The kobold hits you but does no damage.
The jackal bites you but does no damage.
The ball python bites you but does no damage.
The ball python constricts you.
The jackal bites you but does no damage.
The jackal bites you.
Your shield and scale mail prevent you from hitting the jackal.
The jackal is lightly wounded.
The jackal completely misses you. You block the ball python's attack.
The ball python constricts you. The kobold hits you but does no damage.
The jackal barely misses you. The jackal bites you.
You hit the jackal.
The jackal is moderately wounded.
You block the jackal's attack.
The ball python bites you but does no damage.
The ball python constricts you. The kobold hits you with a dagger.
The jackal barely misses you. You block the jackal's attack.
The ball python bites you but does no damage.
The ball python constricts you.
You miss the jackal. You bite the jackal, but do no damage.
You block the jackal's attack. You block the kobold's attack.
The jackal bites you.
The jackal bites you but does no damage.
The ball python barely misses you. The ball python constricts you.
The jackal bites you but does no damage.
The kobold hits you with a dagger.
Your shield prevents you from hitting the jackal.
The jackal barely misses you.
The jackal bites you but does no damage.
The ball python bites you but does no damage.
The ball python constricts you. You block the jackal's attack. x2
The jackal bites you but does no damage.
The kobold hits you with a dagger.
You hit the jackal.
The jackal is heavily wounded.
You block the jackal's attack. You block the ball python's attack.
The ball python constricts you.
The jackal bites you but does no damage.
The jackal barely misses you.
The jackal bites you but does no damage.
The ball python bites you but does no damage.
The ball python constricts you. The kobold barely misses you.
The jackal bites you but does no damage. x2
You hit the jackal.
The jackal is almost dead.
You block the jackal's attack. x2; The ball python bites you.
The ball python constricts you.
The jackal bites you but does no damage.
The kobold hits you but does no damage.
Your shield prevents you from hitting the jackal.
You bite the jackal, but do no damage.
The jackal is almost dead.
The jackal barely misses you. You block the jackal's attack. x2
The ball python barely misses you. The ball python constricts you.
The kobold barely misses you. You block the jackal's attack.
The jackal bites you but does no damage.
You block the jackal's attack. The worm bites you!
* * * LOW HITPOINT WARNING * * *
You puncture the jackal!
You kill the jackal!
You block the ball python's attack. The ball python constricts you.
The jackal bites you but does no damage.
The kobold hits you with a dagger.
You die...

#. #. ## #.#
... #.#
...####.##
##....#..#
#.......h##
##._)..hK@.#
#.).....Shw#
#....8.._..#
#.........##
#.._.....##
#........#
.......###
.##...# ####


You could see a worm, 3 jackals, a ball python and a kobold.

Vanquished Creatures
  A dart slug (D:1)
  2 giant cockroaches (D:1)
  4 goblins (D:1)
  3 hobgoblins (D:1)
  A jackal (D:2)
  2 bats (D:1)
  3 frilled lizards (D:1)
  2 kobolds (D:1)
  5 rats (D:1)
23 creatures vanquished.

Notes
Turn   | Place    | Note
-------+----------+-------------------------------------------
     0 | D:1      | Amnesiac the Vine Stalker Fighter began the quest for the Orb.
     0 | D:1      | Reached XP level 1. HP: 11/11 MP: 2/2
   173 | D:1      | Reached XP level 2. HP: 16/16 MP: 3/3
   643 | D:1      | Reached skill level 1 in Dodging
   757 | D:1      | Reached XP level 3. HP: 19/19 MP: 4/4
   970 | D:2      | Found a shimmering altar of Xom.
   970 | D:2      | Found an iron altar of Okawaru.
   970 | D:2      | Found a deep blue altar of Sif Muna.
   986 | D:2      | Slain by a kobold

Vault maps used:
D:1:      denvon_arrival_planthouse
D:2:      grunt_temple_overflow_open, nicolae_overflow_hidden_temple,
          grunt_qazlal_sundering, marbit_many_paths, roderic_nine_men_s_morris,
          kennysheep_generic_room_9

Skill      XL: |  1  2 |
---------------+-------+-----
Short Blades   | 2 |  2.7
Dodging        | 1 |  1.0
Fighting       | |  2.6
Armour         | |  2.4
Shields        | |  2.6

Action                   || total
-------------------------++-------
Melee: Rapier            ||    63
       Bite              ||    17
Armor: Scale mail        ||    59
Dodge: Dodged            ||    26
Block: Shield            ||    45

Table legend:
 A = Spawn XP
 B = Non-spawn XP
 C = Spawn XP percentage of total XP
 D = Spawn monster count
 E = Non-spawn monster count
 F = Spawn count percentage of total count
 G = Total turns spent on level
                    A         B        C        D         E        F      G
               +---------+---------+-------+---------+---------+-------+---------
         Total |       0 |      37 |   0.0 |       0 |      23 |   0.0 |   986
               +---------+---------+-------+---------+---------+-------+---------
           D:1 |       0 |      35 |   0.0 |       0 |      22 |   0.0 |   970
           D:2 |       0 |       2 |   0.0 |       0 |       1 |   0.0 |    16
               +---------+---------+-------+---------+---------+-------+---------
